 Dungeon Crawl Stone Soup version 0.28-a0-674-gdaf460b524 (webtiles) character file.

Game seed: 1588194409790714425

2646 blank1 the Fighter (level 9, -8/75 (86) HPs)
             Began as a Minotaur Fighter on Oct 18, 2021.
             Mangled by a wight (9 damage)
             ... on level 7 of the Dungeon.
             The game lasted 00:11:33 (5430 turns).

blank1 the Fighter (Minotaur Fighter)               Turns: 5430, Time: 00:11:34

HP:   -8/75 (86)    AC: 10    Str: 23    XL:     9   Next: 36%
MP:   8/8           EV:  7    Int:  5    God:
Gold: 182           SH:  8    Dex: 11    Spells: 8/8 levels left

rFire   + . .      SeeInvis .   b - +2 whip (freeze)
rCold   . . .      Faith    .   d - +0 kite shield
rNeg    . . .      Spirit   .   j - +0 chain mail
rPois   +          Reflect  .   (helmet restricted)
rElec   .          Harm     .   (no cloak)
rCorr   .          Rampage  .   (no gloves)
Will    .....                   (no boots)
Stlth   ..........              (no amulet)
HPRegen 0.22/turn               f - ring of protection from fire
MPRegen 0.11/turn               r - ring of Ziwnam {rPois Stlth+}

@: heavily drained
A: horns 2, retaliatory headbutt
a: no special abilities


You were on level 7 of the Dungeon.
You visited 1 branch of the dungeon, and saw 7 of its levels.

You collected 202 gold pieces.
You spent 20 gold pieces at shops.

Inventory:

Hand Weapons
 a - a +0 flail
 b - a +2 whip of freezing (weapon)
Missiles
 l - 5 silver boomerangs (quivered)
Armour
 d - a +0 kite shield (worn)
 j - a +0 chain mail (worn)
Jewellery
 f - a ring of protection from fire (left hand)
 r - the ring of Ziwnam (right hand) {rPois Stlth+}
   (You found it on level 4 of the Dungeon)

   [ring of poison resistance]

   rPois:     It protects you from poison.
   Stlth:     It makes you more stealthy.
 s - an amulet of reflection
Wands
 c - a wand of flame (20)
 m - a wand of iceblast (9)
 p - a wand of polymorph (3)
 q - a wand of paralysis (6)
Scrolls
 g - a scroll of teleportation
 h - a scroll of summoning
 k - a scroll of identify
 n - a scroll of amnesia {unknown}
 t - a scroll of brand weapon {unknown}
Potions
 e - a potion of magic
 i - 2 potions of haste


   Skills:
 + Level 10.3 Fighting
 - Level 10.0 Maces & Flails
 + Level 6.6 Armour
 + Level 3.2 Dodging
 - Level 4.0 Shields


You had 8 spell levels left.
You didn't know any spells.
Your spell library contained the following spells:

 Spells                   Type           Power      Damage    Failure   Level
 Corpse Rot               Necr/Air       0%         N/A       100%        2
 Gell's Gravitas          Tloc           0%         N/A       100%        3
 Lesser Beckoning         Tloc           0%         N/A       100%        3
 Teleport Other           Tloc           0%         N/A       100%        3
 Dispel Undead            Necr           0%         3d6       100%        4
 Death Channel            Necr           0%         N/A       100%        6


Dungeon Overview and Level Annotations

Branches:
Dungeon (8/15)
 Temple: D:4-7         Lair: D:8-11

Altars:

Shops:
D:1 *   D:4 ==![


Innate Abilities, Weirdness & Mutations

You have a pair of horns on your head.
You reflexively headbutt those who attack you in melee.


Message History

There is a stone staircase leading down here.
You hit the wight.
You headbutt the wight, but do no damage.
The wight is moderately damaged.
You block the wight's attack.
You hit the wight but do no damage. You headbutt the wight!
The wight is almost destroyed.
The wight hits you with a +0 vorpal falchion.
You feel drained.
The wight hits you with a +0 dire flail.
You feel drained.
You hit the wight but do no damage. Your headbutt misses the wight.
The wight is almost destroyed.
The wight hits you with a +0 vorpal falchion.
* * * LOW HITPOINT WARNING * * *
You feel drained.
* * * LOW HITPOINT WARNING * * *
x2 The wight hits you with a +0 dire flail!
* * * LOW HITPOINT WARNING * * *
You hit the wight.
The wight is almost destroyed.
The wight hits you with a +0 vorpal falchion.
* * * LOW HITPOINT WARNING * * *
x2 Unknown command.
You hit the wight.
You destroy the wight!
The wight barely misses you. You furiously retaliate!
You headbutt the wight.
Unknown command.
Unknown command.
Okay, then.
It was a potion of curing.
You feel better. You block the wight's attack.
Okay, then.
You barely miss the wight.
The wight is heavily damaged.
The wight hits you with a +0 dire flail!
* * * LOW HITPOINT WARNING * * *
You whack the wight!
The wight is almost destroyed.
The wight hits you with a +0 dire flail!
You die...

#....#
#....+
#....#
#....#
#....#
#....#
#...z#
#..@)#
#....#
###+##


You could see a wight.

Vanquished Creatures
  A two-headed ogre (D:8)
  Pikel (D:4)
  Grinder (D:5)
  Sigmund (D:3)
  Eustachio (D:5)
  An orc warrior (D:8)
  A hornet zombie (D:5)
  A black bear (D:5)
  A water moccasin zombie (D:5)
  2 scorpions
  7 wights
  A howler monkey (D:8)
  A hound (D:5)
  A jelly (D:5)
  An orc priest (D:3)
  A centaur skeleton (D:5)
  Ijyb (D:3)
  7 adders
  6 gnolls
  A white imp (D:5)
  2 dart slugs
  12 orcs
  5 endoplasms
  4 giant cockroaches
  7 goblins
  5 hobgoblins
  A quokka (D:3)
  5 ball pythons
  2 bats (D:2)
  2 frilled lizards
  4 kobolds
  6 rats
93 creatures vanquished.

Notes
Turn   | Place    | Note
-------+----------+-------------------------------------------
     0 | D:1      | blank1 the Minotaur Fighter began the quest for the Orb.
     0 | D:1      | Reached XP level 1. HP: 19/19 MP: 0/0
   251 | D:1      | Reached XP level 2. HP: 26/27 MP: 1/1
   473 | D:1      | Found Hanlala's General Store.
   484 | D:1      | Bought a scroll of identify for 20 gold pieces
   722 | D:2      | Reached XP level 3. HP: 6/33 MP: 2/2
  1360 | D:1      | Reached skill level 1 in Dodging
  1550 | D:2      | Reached XP level 4. HP: 34/40 MP: 3/3
  2236 | D:3      | Noticed Sigmund
  2241 | D:3      | Killed Sigmund
  2242 | D:3      | Reached skill level 5 in Fighting
  2242 | D:3      | Reached skill level 5 in Maces & Flails
  2242 | D:3      | Reached XP level 5. HP: 43/48 MP: 4/4
  2370 | D:3      | Reached XP level 6. HP: 41/56 MP: 5/5
  2678 | D:3      | Noticed Ijyb
  2713 | D:3      | Killed Ijyb
  3039 | D:4      | Found Qucuemn's Jewellery Shoppe.
  3132 | D:4      | Found Etumoc's Distillery.
  3168 | D:4      | Found Isyom's Jewellery Emporium.
  3279 | D:4      | Found Nesoeck's Armour Shop.
  3290 | D:4      | Identified the ring of Ziwnam {rPois Stlth+}
  3482 | D:4      | Noticed Pikel
  3511 | D:4      | Killed Pikel
  3512 | D:4      | Reached XP level 7. HP: 43/67 MP: 6/6
  3676 | D:5      | Entered Level 5 of the Dungeon
  3803 | D:5      | Noticed Grinder
  3827 | D:5      | Paralysed by Grinder for 4 turns
  3835 | D:5      | Killed Grinder
  3836 | D:5      | Reached XP level 8. HP: 13/75 MP: 7/7
  4187 | D:5      | Reached skill level 5 in Armour
  4341 | D:5      | Noticed Eustachio
  4363 | D:5      | Killed Eustachio
  4375 | D:5      | Reached skill level 10 in Fighting
  4692 | D:5      | You fall into a shaft and drop 3 floors!
  4692 | D:8      | Noticed a two-headed ogre
  4697 | D:8      | Killed a two-headed ogre
  4698 | D:8      | Reached skill level 10 in Maces & Flails
  4698 | D:8      | Reached XP level 9. HP: 85/85 MP: 8/8
  5070 | D:8      | HP: 3/81 [wight (6)]
  5426 | D:7      | HP: 2/72 [wight (3)]
  5430 | D:7      | Mangled by a wight

Illustrated notes

Levels and vault maps discovered:
D:1:      mrwooster_arrival_statue_2, layout_loops_cross, serial_shops, shop
D:2:      layout_basic
D:3:      layout_basic, uniq_sigmund, uniq_ijyb
D:4:      layout_basic, serial_shops, nicolae_lakefront_shop, shop,
          nicolae_shop_trees, shop, uniq_pikel
D:5:      layout_basic, uniq_grinder, uniq_eustachio
D:7:      layout_gridville, minmay_temple_entry_large_hall, serial_shops, shop,
          shop, minmay_crossroads, uniq_harold
D:8:      layout_basic, nicolae_two_hexagons, kennysheep_opposing_triangles,
          uniq_erica

Skill      XL: |  1  2  3  4  5  6  7  8  9 |
---------------+----------------------------+-----
Shields        | 4 |  4.0
Fighting       | 4 5 7 8 10 | 10.3
Maces & Flails | 3 4 5 7 8 10 | 10.0
Armour         | 4 6 |  6.6
Dodging        | 1 2 3 |  3.2

Action                   |  1- 3 |  4- 6 |  7- 9 || total
-------------------------+-------+-------+-------++-------
Melee: Flail             |    84 |       |       ||    84
       Headbutt          |     8 |    15 |    35 ||    58
       Whip              |     9 |   117 |   160 ||   286
Evoke: Wand              |       |       |     3 ||     3
  Use: Scroll            |     1 |     1 |     3 ||     5
       Potion            |       |     1 |     7 ||     8
Armor: Scale mail        |    28 |       |       ||    28
       Chain mail        |     4 |    40 |    56 ||   100
Dodge: Dodged            |    49 |    22 |    25 ||    96
Block: Buckler           |    18 |     2 |       ||    20
       Kite shield       |       |    34 |    45 ||    79

Table legend: (Time is in decaauts)
 A = Elapsed time spent in this place.
 B = Non-inter-level travel time spent in this place.
 C = Inter-level travel time spent in this place.
 D = Time resting spent in this place.
 E = Time spent auto-exploring this place.
 F = Levels seen in this place.
 G = Mean time per level.
                   A        B        C        D        E       F      G
               +--------+--------+--------+--------+--------+-----+--------+
         Total |   5435 |   5386 |     49 |   1201 |   3254 |   7 |  776.4 |
       Dungeon |   5435 |   5386 |     49 |   1201 |   3254 |   7 |  776.4 |
               +--------+--------+--------+--------+--------+-----+--------+

Top non-repeatable levels by time:
     D:2: 1294 daAuts
     D:5: 1017 daAuts
     D:3: 938 daAuts
     D:1: 825 daAuts
     D:4: 636 daAuts
     D:8: 398 daAuts
     D:7: 324 daAuts
